AoeStats
← OldGoldWhiteCardinal

Arabia

506020515Analyzed
2v2 RM · 19d ago on Sep 12, 2026· 35m 8s· 4 players
Game mode
Random Map
Map size
Medium (4 player)
Population
200
Speed
Normal
Resources
Standard
Victory
Conquest
Starting age
Dark Age
Ending age
Imperial Age
RankedLock teamsTeams togetherTeam positionsShared explorationLock speedFull tech treeHidden civsTurbo modeCheats
Victory
Defeat
🇨🇴 Mongols · Colombia
1354
+14
🇺🇸 Persians · United States
1305
+16
🇦🇷 Khitans · Argentina
1343
-16
🇦🇷 Italians · Argentina
1273
-14
Palomo Usuriaga
6:34 Loom
9:15 Feudal Age
9:55 Double-Bit Axe
10:27 Domestication
15:43 Forging
21:10 Gold Mining
23:49 Castle Age
22:22 Scale Barding Armor
24:33 Wheelbarrow
24:34 Husbandry
24:55 Chain Barding Armor
25:11 Iron Casting
26:36 Light Cavalry
34:03 Elite Skirmisher
Mono
5:40 Loom
9:44 Feudal Age
16:58 Fletching
18:13 Town Watch
24:08 Castle Age
22:31 Stone Mining
34:59 Wheelbarrow
34:18 Double-Bit Axe
34:52 Gold Mining
OldGoldWhiteCardinal
6:16 Loom
8:59 Feudal Age
9:31 Double-Bit Axe
15:52 Horse Collar
21:55 Castle Age
20:21 Fletching
20:40 Gold Mining
21:37 Bloodlines
22:01 Scale Barding Armor
23:41 Bodkin Arrow
24:55 Padded Archer Armor
27:22 Forging
28:24 Wheelbarrow
30:09 Chain Barding Armor
32:05 Husbandry
34:29 Heavy Plow
35:58 Iron Casting
MzTm | Monito Monito
8:34 Loom
11:00 Feudal Age
14:55 Castle Age
13:23 Double-Bit Axe
16:13 Scale Barding Armor
20:43 Fletching
26:58 Bodkin Arrow
27:28 Town Watch
28:10 Husbandry
29:02 Ballistics
29:52 Bloodlines
31:22 Thumb Ring
32:51 Padded Archer Armor
35:16 Leather Archer Armor
Connection lost

Rejoining the realm…

Still unreachable

The connection could not be restored.

Session expired

The server has moved on; the page needs a fresh start.